Map: Proxima Station LE

Players

Sky - Winner!

  • Race: Zerg Zerg
  • Spawn Location: 1:00

Thrawn

  • Race: Protoss Protoss
  • League: Gold
  • Spawn Location: 7:00

VOD

Have the link to the VOD?

Description

Time

  • Played on: May 3, 2017, 7:03 p.m.
  • Length: 8:27
Show
View Real Time Build Order
Export as new Build Order

Sky Zerg - Winner!

Build Orders: Pool First 

Get SALT Encoding   

  12  0:01  Drone  
  13  0:11  Drone  
  14  0:19  Overlord  
  14  0:38  Spawning Pool  
  14  0:41  Drone x2  
  15  0:55  Drone x2  
  17  1:16  Hatchery  
  16  1:24  Queen  
  18  1:31  Extractor  
  17  1:34  Drone x2  
  19  1:42  Overlord  
  19  2:01  Queen  
  21  2:10  Zergling x2  
  21  2:11  Zergling x2  
  21  2:12  Roach Warren  
  22  2:29  Drone  
  23  2:30  Extractor  
  23  2:35  Drone x4  
  26  3:03  Queen  
  28  3:14  Queen  
  30  3:20  Drone x2  
  30  3:21  Drone x2  
  34  3:39  Roach  
  34  3:41  Overlord x2  
  38  4:05  Drone x3  
  38  4:06  Drone x3  
  38  4:07  Drone  
  45  4:16  Lair  
  43  4:25  Roach x3  
  43  4:26  Roach  
  51  4:40  Overlord  
  51  4:41  Overlord  
  51  4:48  Evolution Chamber  
  49  5:02  Drone x2  
  49  5:03  Roach x3  
  57  5:13  Roach  
  59  5:28  Zerg Missile Weapons Level 1  
  59  5:34  Hatchery  
  58  5:38  Roach x2  
  58  5:39  Roach x3  
  58  5:40  Hydralisk Den, Overlord  
  67  5:52  Glial Reconstitution  
  67  6:00  Roach x3  
  67  6:01  Roach  
  67  6:02  Overlord x2  
  75  6:19  Zergling x2  
  75  6:21  Overlord x2  
  75  6:25  Roach  
  78  6:26  Zergling x2  
  78  6:27  Zergling x2  
  78  6:30  Ravager x2  
  82  6:41  Roach x6  
  94  6:51  Hydralisk  
  94  6:52  Hydralisk  
  98  7:06  Roach x3  
  98  7:07  Roach  
  106  7:28  Roach x2  
  110  7:47  Roach  
  110  7:48  Roach  
  109  7:59  Zergling x6  
  109  8:00  Zergling x2  
Show
View Real Time Build Order
Export as new Build Order

Thrawn Protoss 

Build Orders: 1 Gate Expand, Oracle Opening 

Get SALT Encoding   

  12  0:02  Probe (Chrono Boost)  
  13  0:13  Pylon  
  13  0:19  Probe (Chrono Boost)  
  14  0:31  Probe (Chrono Boost)  
  15  0:36  Gateway  
  15  0:41  Probe (Chrono Boost)  
  16  0:46  Assimilator  
  16  0:52  Probe (Chrono Boost)  
  17  1:02  Probe (Chrono Boost)  
  18  1:13  Probe (Chrono Boost)  
  19  1:27  Nexus  
  19  1:39  Cybernetics Core  
  19  1:45  Assimilator  
  19  1:48  Probe (Chrono Boost)  
  20  1:59  Pylon, Probe (Chrono Boost)  
  21  2:10  Probe (Chrono Boost)  
  22  2:20  Mothership Core (Chrono Boost)  
  24  2:27  Stargate  
  24  2:33  Stalker  
  26  2:40  Probe (Chrono Boost)  
  27  2:47  Pylon  
  27  2:56  Probe (Chrono Boost)  
  27  2:58  Probe (Chrono Boost)  
  29  3:07  Probe (Chrono Boost)  
  29  3:10  Probe (Chrono Boost)  
  29  3:11  Oracle  
  29  3:12  Warp Gate  
  34  3:25  Gateway  
  34  3:27  Adept  
  36  3:34  Gateway  
  31  3:44  Probe (Chrono Boost)  
  31  3:45  Probe (Chrono Boost)  
  33  3:54  Probe (Chrono Boost)  
  35  3:57  Probe (Chrono Boost)  
  35  4:05  Probe (Chrono Boost)  
  37  4:10  Probe (Chrono Boost)  
  37  4:13  Adept x2  
  37  4:15  Probe (Chrono Boost)  
  42  4:22  Adept  
  44  4:28  Probe (Chrono Boost)  
  44  4:29  Probe (Chrono Boost)  
  46  4:34  Assimilator  
  46  4:36  Assimilator  
  47  4:38  Probe (Chrono Boost)  
  47  4:41  Probe (Chrono Boost)  
  47  4:42  Pylon  
  48  4:49  Probe (Chrono Boost)  
  46  5:04  Probe (Chrono Boost)  
  46  5:05  Probe (Chrono Boost)  
  48  5:17  Probe (Chrono Boost)  
  49  5:22  Adept  
  49  5:23  Adept x2  
  49  5:27  Probe (Chrono Boost)  
  57  5:29  Probe (Chrono Boost)  
  57  5:38  Robotics Facility, Probe (Chrono Boost)  
  57  5:41  Probe (Chrono Boost), Twilight Council  
  59  5:43  Forge  
  59  5:49  Pylon  
  59  5:51  Probe (Chrono Boost)  
  59  5:54  Probe (Chrono Boost)  
  61  6:06  Pylon  
  61  6:07  Charge  
  61  6:18  Protoss Ground Weapons Level 1  
  61  6:23  Zealot x2  
  61  6:24  Zealot  
  67  6:26  Immortal  
  71  6:42  Gateway  
  71  6:46  Gateway  
  73  6:47  Pylon, Probe x2 (Chrono Boost)  
  73  6:52  Zealot x2  
  77  6:59  Probe (Chrono Boost)  
  78  7:19  Nexus  
  80  7:23  Pylon, Probe x2 (Chrono Boost)  
  80  7:26  Pylon  
  80  7:28  Assimilator  
  80  7:33  Assimilator  
  78  7:47  Adept x2  
  78  7:48  Adept x2  
  82  8:03  Zealot  
  80  8:12  Zealot x3  
  82  8:13  Zealot  
Tags
 
Add a new tag
Caveats
  • Supply blocks, unpowered buildings, or Contaminate may cause inaccurate times.
  • Supply counts are checked every 10 seconds.